 Dungeon Crawl Stone Soup version 0.29-a0-414-g5075937ec3 (webtiles) character file.

Game seed: 2473252337763437193

18 zazu2006 the Magician (level 2, -1/22 HPs)
             Began as a Naga Hedge Wizard on May 16, 2022.
             Slain by a hobgoblin (5 damage)
             ... on level 1 of the Dungeon.
             The game lasted 00:01:54 (1224 turns).

zazu2006 the Magician (Naga Hedge Wizard)           Turns: 1224, Time: 00:01:54

Health: -1/22      AC:  1    Str: 12    XL:     2   Next: 66%
Magic:  2/6        EV:  9    Int: 14    God:
Gold:   16         SH:  0    Dex: 10    Spells: 7/8 levels left

rFire   . . .      SeeInvis +   a - +0 dagger
rCold   . . .      Faith    .   (no shield)
rNeg    . . .      Spirit   .   b - +0 robe
rPois   +          Reflect  .   c - +0 hat
rElec   .          Harm     .   (no cloak)
rCorr   .          Rampage  .   (no gloves)
Will    .....                   (no barding)
Stlth   ++........              (no amulet)
HPRegen 0.07/turn               (no ring)
MPRegen 0.10/turn               (no ring)

@: very slow
A: AC +0, large, see invisible, deformed body, poison resistance, slowness 2,
spit poison 1, naga tail 1
a: Spit Poison


You were on level 1 of the Dungeon.
You visited 1 branch of the dungeon, and saw 1 of its levels.

You collected 16 gold pieces.

Inventory:

Hand Weapons
 a - a +0 dagger (weapon)
Missiles
 g - a throwing net
Armour
 b - a +0 robe (worn)
 c - a +0 hat (worn)
Scrolls
 e - a scroll of noise {unknown}
 k - 2 scrolls of identify {unknown}
 m - a scroll of blinking {unknown}
Potions
 d - a potion of magic
 f - a potion of lignification {unknown}
 h - a potion of curing {unknown}
 i - 2 potions of flight {unknown}
 j - a potion of degeneration {unknown}
 l - a potion of cancellation {unknown}


   Skills:
 + Level 1.7 Dodging
 + Level 3.1 Stealth
 + Level 3.6 Spellcasting
 + Level 1.0 Conjurations
 + Level 1.0 Summonings
 + Level 1.0 Translocations


You had 7 spell levels left.
You knew the following spells:

 Your Spells              Type           Power      Damage    Failure   Level
a - Magic Dart            Conj           20%        1d4       14%         1

Your spell library contained the following spells:

 Spells                   Type           Power      Damage    Failure   Level
 Slow                     Hex            8%         N/A       21%         1
 Blink                    Tloc           10%        N/A       21%         2
 Call Imp                 Summ           5%         N/A       21%         2
 Conjure Flame            Conj/Fire      3%         6-21      45%         3
 Mephitic Cloud           Conj/Pois/Air  3%         N/A       47%         3


Dungeon Overview and Level Annotations

Branches:
Dungeon (1/15)

Altars:


Innate Abilities, Weirdness & Mutations

Your serpentine skin is tough. (AC +0)
You have supernaturally acute eyesight. (SInv)
Armour fits poorly on your strangely shaped body.
Your system is resistant to poisons. (rPois)
You cover ground very slowly.
You can spit poison.
You have a snake-like lower body.


Message History

Unknown command.
Casting: Magic Dart (safe; 14% risk of failure)
Confirm with . or Enter, or press ? or * to list all spells.
Aiming: Magic Dart (safe; 14% risk of failure)
Press: ? - help, Shift-Dir - straight line, f/p - quokka
Aim: a quokka (severely wounded, 100% to hit)
The magic dart hits the quokka.
You kill the quokka!
A bat and a hobgoblin come into view.
The hobgoblin shouts!
You hear an angry hiss.
Found a stone staircase leading down.
You hit the hobgoblin but do no damage. The hobgoblin hits you.
The bat barely misses you.
You hit the hobgoblin but do no damage. The bat hits you but does no damage.
The hobgoblin hits you.
Aiming: Spit Poison (2% risk of failure)
Press: ? - help, Shift-Dir - straight line, f - hobgoblin
Aim: a hobgoblin (59% to hit)
The splash of poison misses the hobgoblin.
The bat misses you. The hobgoblin hits you.
Casting: Magic Dart (safe; 14% risk of failure)
Confirm with . or Enter, or press ? or * to list all spells.
Aiming: Magic Dart (safe; 14% risk of failure)
Press: ? - help, Shift-Dir - straight line, f/p - hobgoblin
Aim: a hobgoblin (100% to hit)
The magic dart hits the hobgoblin.
The hobgoblin is lightly wounded.
The bat hits you. The hobgoblin hits you. The bat attacks as you move away!
The bat closely misses you. The bat barely misses you.
The hobgoblin attacks as you move away! The hobgoblin hits you.
* * * LOW HITPOINT WARNING * * *
The bat hits you.
* * * LOW HITPOINT WARNING * * *
The hobgoblin hits you.
* * * LOW HITPOINT WARNING * * *
You have got your breath back.
The bat hits you but does no damage. The hobgoblin hits you.
You die...

#.# #......#.##### #.#
#......#.#.... # #.#
#..........### #.####.#
#......#.### .#......#
###......#.#
.....)..#####...######.#
.........##...### #.#
.........##.##########.#####
>#.#.).).bg@................
.?.......############.#####
#.#......# #.# ..........#
#.# .#.#.....## #.#
....##### #.##### .#.
#.#.... . #...... #......


You could see a hobgoblin and a bat.

Vanquished Creatures
  An endoplasm (D:1)
  2 giant cockroaches (D:1)
  4 hobgoblins (D:1)
  A kobold (D:1)
  2 quokkas (D:1)
  A ball python (D:1)
  2 bats (D:1)
  2 frilled lizards (D:1)
  A rat (D:1)
16 creatures vanquished.

Notes
Turn   | Place    | Note
-------+----------+-------------------------------------------
     0 | D:1      | zazu2006 the Naga Hedge Wizard began the quest for the Orb.
     0 | D:1      | Reached XP level 1. HP: 15/15 MP: 4/4
   614 | D:1      | Reached XP level 2. HP: 12/22 MP: 1/6
   796 | D:1      | Found a faded altar of an unknown god.
  1224 | D:1      | Slain by a hobgoblin

Illustrated notes

Levels and vault maps discovered:
D:1:      dpeg_arrival_pond, layout_rooms, ebering_ecumenical_altar_sacrificial,
          st_stairs_8

Action                   || total
-------------------------++-------
Melee: Dagger            ||    20
       Punch             ||     1
 Cast: Magic Dart        ||    27
 Abil: Spit Poison       ||    10
Armor: Robe              ||    11
Dodge: Dodged            ||    26

Table legend: (Time is in decaauts)
 A = Elapsed time spent in this place.
 B = Non-inter-level travel time spent in this place.
 C = Inter-level travel time spent in this place.
 D = Time resting spent in this place.
 E = Time spent auto-exploring this place.
 F = Levels seen in this place.
 G = Mean time per level.
                   A        B        C        D        E       F      G
               +--------+--------+--------+--------+--------+-----+--------+
         Total |   1350 |   1347 |      3 |      0 |   1232 |   1 | 1350.0 |
       Dungeon |   1350 |   1347 |      3 |      0 |   1232 |   1 | 1350.0 |
               +--------+--------+--------+--------+--------+-----+--------+

Top non-repeatable levels by time:
     D:1: 1350 daAuts
